 Dungeon Crawl Stone Soup version 0.28.0-1-gb440e238dd (webtiles) character file.

Game seed: 3655213466406473777

130 Peloso the Covered (level 4, 0/41 HPs)
             Began as a Minotaur Fighter on Feb 25, 2022.
             Slain by a hornet zombie (1 damage)
             ... on level 4 of the Dungeon.
             The game lasted 00:04:12 (2126 turns).

Peloso the Covered (Minotaur Fighter)               Turns: 2126, Time: 00:04:12

Health: 0/41       AC:  7    Str: 20    XL:     4   Next: 90%
Magic:  3/3        EV:  9    Int:  5    God:
Gold:   133        SH:  5    Dex: 12    Spells: 3/3 levels left

rFire   . . .      SeeInvis .   a - +0 long sword
rCold   . . .      Faith    .   c - +0 buckler
rNeg    . . .      Spirit   .   b - +0 scale mail
rPois   .          Reflect  .   (helmet restricted)
rElec   .          Harm     .   (no cloak)
rCorr   .          Rampage  .   (no gloves)
Will    .....                   (no boots)
Stlth   ..........              (no amulet)
HPRegen 0.13/turn               (no ring)
MPRegen 0.08/turn               (no ring)

@: no status effects
A: horns 2, retaliatory headbutt
a: no special abilities


You were on level 4 of the Dungeon.
You visited 1 branch of the dungeon, and saw 4 of its levels.

You collected 133 gold pieces.

Inventory:

Hand Weapons
 a - a +0 long sword (weapon)
Armour
 b - a +0 scale mail (worn)
 c - a +0 buckler (worn)
Scrolls
 f - 5 scrolls of identify {unknown}
 g - a scroll of summoning {unknown}
 k - 2 scrolls of teleportation {unknown}
 l - a scroll of brand weapon {unknown}
Potions
 d - a potion of might
 e - a potion of haste {unknown}
 h - a potion of curing {unknown}
 i - a potion of berserk rage {unknown}
 j - a potion of flight {unknown}


   Skills:
 + Level 4.4 Fighting
 + Level 3.7 Long Blades
 + Level 4.6 Armour
 + Level 1.2 Dodging
 + Level 4.4 Shields


You had 3 spell levels left.
You didn't know any spells.
Your spell library contained the following spells:

 Spells                   Type           Power      Damage    Failure   Level
 Conjure Flame            Conj/Fire      0%         6-21      99%         3
 Ignite Poison            Fire/Tmut/Pois 0%         N/A       99%         3
 Sticky Flame             Conj/Fire      0%         2d3       100%        4


Dungeon Overview and Level Annotations

Branches:
Dungeon (4/15)
 Temple: D:4-7

Altars:
Fedhas


Innate Abilities, Weirdness & Mutations

You have a pair of horns on your head.
You reflexively headbutt those who attack you in melee.


Message History

Where to? (Enter - D:12, ? - help)
What level of the Dungeon? (default 1, ? - help)
There is a stone staircase leading down here.
You climb downwards.
You hear the hiss of flowing sand.
There is an entrance to an ossuary on this level.
Hurry and find it before the portal is buried!
There is a stone staircase leading up here.
A hornet zombie comes into view.
You open the door.
There is an open door here.
The hornet zombie hits you!
You slash the hornet zombie!
The hornet zombie is moderately damaged.
The hornet zombie hits you. The hornet zombie hits you!
You slash the hornet zombie! You headbutt the hornet zombie.
The hornet zombie is heavily damaged.
You block the hornet zombie's attack. The hornet zombie hits you.
You hit the hornet zombie.
The hornet zombie is heavily damaged.
The hornet zombie closely misses you.
You slash the hornet zombie! Your headbutt misses the hornet zombie.
The hornet zombie is severely damaged.
You block the hornet zombie's attack. The hornet zombie hits you!
* * * LOW HITPOINT WARNING * * *
You closely miss the hornet zombie. Your headbutt misses the hornet zombie.
The hornet zombie is severely damaged.
The hornet zombie hits you.
* * * LOW HITPOINT WARNING * * *
You hit the hornet zombie.
The hornet zombie is severely damaged.
The hornet zombie misses you.
The hornet zombie hits you but does no damage.
You completely miss the hornet zombie.
The hornet zombie is severely damaged.
The hornet zombie hits you.
* * * LOW HITPOINT WARNING * * *
You hit the hornet zombie.
The hornet zombie is almost destroyed.
The hornet zombie closely misses you. The hornet zombie hits you.
You die...

... ###### ....
#....##....
#####.........
#.<.##...... ..
#...##...##....
#..............
#.....#Z#......
#.....#@# .....
#...###.# ....
#...# ... ...
+...###.## ..
##... #.# . ##.
###


You could see a hornet zombie.

Vanquished Creatures
  An orc wizard (D:3)
  Robin (D:2)
  3 adders
  2 orcs
  9 ball pythons
  2 bats (D:1)
  4 endoplasms
  2 giant cockroaches
  7 goblins
  8 hobgoblins
  3 jackals (D:3)
  2 quokkas (D:1)
  5 frilled lizards
  5 kobolds
  9 rats
63 creatures vanquished.

Notes
Turn   | Place    | Note
-------+----------+-------------------------------------------
     0 | D:1      | Peloso the Minotaur Fighter began the quest for the Orb.
     0 | D:1      | Reached XP level 1. HP: 19/19 MP: 0/0
   127 | D:1      | Reached XP level 2. HP: 26/27 MP: 1/1
   399 | D:1      | Reached XP level 3. HP: 33/33 MP: 2/2
   701 | D:2      | Reached skill level 1 in Dodging
  1167 | D:2      | Noticed Robin
  1174 | D:2      | Killed Robin
  1175 | D:2      | Reached XP level 4. HP: 38/41 MP: 3/3
  1489 | D:3      | Found a faded altar of an unknown god.
  1856 | D:3      | Found a blossoming altar of Fedhas.
  2125 | D:4      | HP: 1/41 [hornet zombie (6)]
  2126 | D:4      | Slain by a hornet zombie

Illustrated notes

Levels and vault maps discovered:
D:1:      nzn_arrival_depleted_hourglass, layout_basic
D:2:      layout_basic, chequers_serial_rivers_room_b, uniq_robin
D:3:      layout_loops_ring, fedhas_altar_2,
          hellmonk_ecumenical_altar_heavens_door, serial_rivers,
          chequers_serial_rivers_micro_a, chequers_serial_rivers_marsh,
          chequers_serial_rivers_small_b, chequers_serial_rivers_room_b,
          chequers_serial_rivers_micro_e, chequers_serial_rivers_micro_e
D:4:      layout_gridville, mainiacjoe_overflow_small_starburst,
          nicolae_ossuary_entry_plus

Skill      XL: |  1  2  3 |
---------------+----------+-----
Fighting       | 4 |  4.4
Shields        | 4 |  4.4
Long Blades    | 3 |  3.7
Dodging        | 1 |  1.2
Armour         | 4 |  4.6

Action                   |  1- 3 |  4- 6 || total
-------------------------+-------+-------++-------
Melee: Long sword        |    96 |    46 ||   142
       Headbutt          |    11 |     6 ||    17
Armor: Scale mail        |    48 |    18 ||    66
Dodge: Dodged            |    49 |    15 ||    64
Block: Buckler           |    28 |    12 ||    40
